 Dungeon Crawl Stone Soup version 0.27-a0-1342-ga99462a43c (webtiles) character file.

Game seed: 760306147571584637

2 PentaManta the Sneak (level 1, 10/10 HPs)
             Began as a Spriggan Brigand on June 27, 2021.
             Got out of the dungeon alive.
             The game lasted 00:00:24 (34 turns).

PentaManta the Sneak (Spriggan Brigand)               Turns: 34, Time: 00:00:24

Health: 10/10      AC:  3    Str:  7    XL:     1   Next: 33%
Magic:  2/2        EV: 16    Int: 12    God:
Gold:   20         SH:  0    Dex: 16    Spells: 0/0 levels left

rFire    . . .     SeeInvis +   a - +2 dagger
rCold    . . .     Faith    .   (shield restricted)
rNeg     . . .     Spirit   .   b - +0 robe
rPois    .         Reflect  .   (helmet restricted)
rElec    .         Harm     .   c - +0 cloak
rCorr    .         Rampage  .   (gloves unavailable)
Will     .....                  (boots unavailable)
Stlth    +++.......             (no amulet)
HPRegen  0.03/turn              (no ring)
MPRegen  0.08/turn              (no ring)

@: very quick
A: very small, no large weapons, unfitting armour, see invisible, speed 3
a: no special abilities


You escaped.
You visited 1 branch of the dungeon, and saw 1 of its levels.

You collected 20 gold pieces.

Inventory:

Hand Weapons
 a - a +2 dagger (weapon)
Missiles
 d - 8 poisoned darts (quivered)
 e - 2 curare-tipped darts
Armour
 b - a +0 robe (worn)
 c - a +0 cloak (worn)


   Skills:
 - Level 1.5 Fighting
 - Level 2.1 Short Blades
 - Level 2.0 Throwing
 * Level 1.8 Dodging
 + Level 5.9 Stealth


You couldn't memorise any spells.
You didn't know any spells.
Your spell library was empty.

Dungeon Overview and Level Annotations

Branches:
Dungeon (1/15)

Altars:


Innate Abilities, Weirdness & Mutations

You are very small and have problems with some larger weapons.
You are too small for most types of armour.
You have supernaturally acute eyesight. (SInv)
You cover ground extremely quickly. (Speed+++)


Message History

Welcome, PentaManta the Spriggan Brigand.
Will you prevail where others failed? Will you find the Orb of Zot?
Press ? for a list of commands and other information.
Found 20 gold pieces, a runed short sword, 15 stones and a kite shield.
Found a staircase leading out of the dungeon.
You now have 4 gold pieces.
You now have 20 gold pieces (gained 16).
You open the door.
There is an open door here.
You open the door.
A goblin comes into view.
The goblin shouts!
You hear a shout!
A goblin is nearby!
A goblin comes into view.
The goblin throws a stone.
The stone closely misses you.
There is an open door here.
You barely miss the goblin. You hit the goblin but do no damage.
The goblin barely misses you.
You hit the goblin.
You kill the goblin!
The goblin misses you. The goblin misses you.
You see here 14 stones.
You hit the goblin.
The goblin is heavily wounded.
The goblin misses you.
You hit the goblin.
You kill the goblin!
Things that are here:
15 stones; a goblin corpse
There is an open door here.
There is an open door here.
You open the large door.
A hobgoblin comes into view.
Found 12 stones.
A hobgoblin comes into view.
There is a staircase leading out of the dungeon here.
Are you sure you want to leave the Dungeon?
This will make you lose the game!
You have escaped!

###+### #####
###8#8+8###
##≈..###.......(.##
#≈≈..##...........##
#≈..(#'............#
+≈..('8.....@.......
#≈...##............#
#≈≈..##...........##
##≈..###.[....)..##
##### ####8'8####
##'## ... g.(g ≈≈≈≈≈


You could see a hobgoblin (asleep).

Vanquished Creatures
  2 goblins (D:1)
2 creatures vanquished.

Notes
Turn   | Place    | Note
-------+----------+-------------------------------------------
     0 | D:1      | PentaManta the Spriggan Brigand began the quest for the
                  | Orb.
     0 | D:1      | Reached XP level 1. HP: 10/10 MP: 2/2
    34 | D:$      | Got out of the dungeon alive.

Illustrated notes

Levels and vault maps discovered:
D:1:      dpeg_arrival_morbid_curiosity, layout_basic

Action                   || total
-------------------------++-------
Melee: Dagger            ||     5
Dodge: Dodged            ||     5

Table legend: (Time is in decaauts)
 A = Elapsed time spent in this place.
 B = Non-inter-level travel time spent in this place.
 C = Inter-level travel time spent in this place.
 D = Time resting spent in this place.
 E = Time spent auto-exploring this place.
 F = Levels seen in this place.
 G = Mean time per level.
                   A        B        C        D        E       F      G
               +--------+--------+--------+--------+--------+-----+--------+
         Total |     24 |     24 |      0 |      0 |     12 |   1 |   24.0 |
       Dungeon |     24 |     24 |      0 |      0 |     12 |   1 |   24.0 |
               +--------+--------+--------+--------+--------+-----+--------+

Top non-repeatable levels by time:
     D:1: 24 daAuts
